Map: Pillars of Gold LE

Players

Lambo - Winner!

  • Race: Zerg Zerg
  • Spawn Location: 1:00

Geralt (Gerald)

  • Race: Protoss Protoss
  • League: Grandmaster
  • Spawn Location: 7:00

Event: DreamHack SC2 Masters 2020 Fall

VOD

Have the link to the VOD?

Description

Time

  • Played on: Sept. 9, 2020, 11:50 a.m.
  • Length: 11:24

All games in this series

Show
View Real Time Build Order
Export as new Build Order

Lambo Zerg - Winner!

Build Orders: Hatch First 

Get SALT Encoding   

  12  0:00  Drone  
  13  0:12  Overlord  
  13  0:17  Drone  
  14  0:30  Drone x2  
  16  0:50  Hatchery  
  16  0:54  Drone  
  16  0:57  Drone  
  16  1:01  Drone  
  18  1:11  Extractor  
  18  1:16  Spawning Pool  
  16  1:19  Drone  
  16  1:22  Drone  
  18  1:29  Drone  
  19  1:40  Drone  
  20  1:49  Overlord  
  20  2:02  Queen x2  
  20  2:03  Zergling x4  
  26  2:12  Drone  
  26  2:13  Drone  
  26  2:15  Metabolic Boost  
  28  2:24  Drone  
  28  2:25  Drone  
  30  2:38  Hatchery  
  30  2:42  Drone  
  30  2:45  Drone  
  30  2:49  Drone  
  30  2:50  Overlord  
  32  2:58  Queen  
  34  3:01  Drone  
  35  3:06  Drone  
  35  3:11  Spore Crawler  
  35  3:12  Drone, Zergling x4  
  38  3:17  Drone x2  
  40  3:20  Drone  
  40  3:26  Overlord  
  41  3:28  Drone  
  41  3:32  Zergling x2  
  43  3:39  Queen, Spore Crawler  
  44  3:45  Drone  
  44  3:46  Drone x4  
  49  3:50  Drone  
  49  3:51  Drone  
  51  3:58  Drone  
  51  4:04  Drone x2, Spore Crawler  
  51  4:09  Overlord  
  52  4:10  Drone x3  
  52  4:12  Queen  
  57  4:18  Overlord  
  57  4:20  Drone  
  57  4:21  Overlord  
  57  4:23  Overlord  
  58  4:24  Extractor  
  58  4:26  Overlord  
  58  4:32  Drone, Roach Warren  
  58  4:37  Drone, Overlord  
  59  4:44  Drone x5  
  64  4:46  Drone  
  64  4:49  Extractor x2  
  64  4:51  Drone x2  
  64  4:52  Drone x2  
  67  4:53  Drone  
  67  4:55  Drone  
  67  4:57  Drone  
  70  5:01  Evolution Chamber  
  70  5:06  Drone x4  
  73  5:09  Lair  
  73  5:12  Overlord  
  73  5:13  Drone x2  
  75  5:16  Drone x3  
  75  5:21  Overlord  
  78  5:25  Drone x4  
  78  5:27  Extractor  
  78  5:28  Extractor  
  79  5:30  Extractor  
  79  5:35  Hatchery  
  77  5:36  Zergling x4  
  77  5:38  Overlord  
  77  5:41  Roach x2  
  83  5:43  Overlord  
  83  5:47  Roach x2  
  88  5:51  Roach, Spine Crawler  
  88  5:55  Roach x2  
  88  5:56  Roach x4  
  102  5:58  Roach  
  102  6:02  Extractor, Roach  
  105  6:05  Roach x2  
  105  6:08  Roach x2  
  105  6:09  Roach  
  115  6:16  Roach x2  
  117  6:19  Roach x4  
  123  6:26  Roach x2  
  123  6:43  Overlord  
  123  6:45  Spire  
  123  6:46  Zergling x6  
  123  6:53  Drone x2  
  123  6:54  Drone x3  
  127  6:58  Zerg Missile Weapons Level 1  
  127  6:59  Glial Reconstitution  
  128  7:03  Drone x2  
  128  7:05  Drone  
  131  7:14  Hatchery  
  126  7:17  Drone x3  
  126  7:19  Zergling x4  
  126  7:20  Zergling x2  
  132  7:24  Zergling x8  
  132  7:26  Overseer  
  136  7:31  Baneling Nest  
  136  7:33  Zergling x6  
  136  7:37  Overlord  
  138  7:38  Overlord  
  138  7:42  Overlord  
  137  7:46  Overlord  
  137  7:49  Overlord  
  137  7:53  Overlord  
  137  7:54  Queen  
  137  7:55  Overlord  
  137  7:57  Overlord  
  137  7:58  Extractor  
  137  8:00  Drone x2  
  137  8:03  Drone x3, Extractor  
  137  8:04  Drone  
  137  8:05  Drone x2  
  142  8:11  Mutalisk x3  
  148  8:14  Zerg Flyer Weapons Level 1  
  148  8:19  Mutalisk x2  
  151  8:21  Mutalisk x2  
  151  8:26  Mutalisk x2  
  158  8:29  Drone x2  
  158  8:32  Spore Crawler  
  158  8:33  Mutalisk  
  161  8:37  Mutalisk x2  
  165  8:42  Mutalisk  
  165  8:43  Mutalisk  
  165  8:47  Mutalisk x2  
  167  8:52  Mutalisk x2  
  167  8:54  Mutalisk  
  173  8:57  Zergling x6  
  176  9:03  Mutalisk x3  
  177  9:10  Zerg Melee Weapons Level 1  
  177  9:15  Mutalisk  
  173  9:17  Zergling x18  
  182  9:28  Mutalisk x3  
  187  9:36  Mutalisk  
  187  9:37  Mutalisk  
  184  9:42  Zergling x18  
  187  9:48  Mutalisk x2  
  179  9:53  Mutalisk  
  179  9:57  Hatchery  
  179  9:59  Zergling x12  
  182  10:12  Zergling x12  
  172  10:16  Mutalisk x2  
  174  10:23  Mutalisk x2  
  174  10:28  Mutalisk x4  
  186  10:38  Mutalisk x2  
  184  10:46  Mutalisk x2  
  184  10:48  Zergling x12  
  166  10:57  Zergling x4  
Show
View Real Time Build Order
Export as new Build Order

Geralt Protoss 

Build Orders: 1 Gate Expand, Oracle Opening 

Get SALT Encoding   

  12  0:00  Probe  
  13  0:12  Probe  
  14  0:20  Pylon  
  14  0:28  Assimilator  
  14  0:30  Probe (Chrono Boost)  
  15  0:41  Probe (Chrono Boost)  
  16  0:45  Probe (Chrono Boost)  
  16  0:46  Gateway  
  17  0:56  Probe  
  18  1:08  Probe  
  19  1:20  Probe  
  20  1:27  Nexus  
  20  1:32  Probe  
  21  1:40  Cybernetics Core  
  21  1:45  Probe  
  22  1:48  Assimilator  
  22  1:53  Pylon  
  22  1:57  Probe  
  23  2:11  Probe  
  24  2:17  Stargate  
  24  2:19  Stalker (Chrono Boost)  
  26  2:24  Probe  
  27  2:35  Warp Gate  
  27  2:36  Probe  
  28  2:40  Adept (Chrono Boost)  
  30  2:44  Probe  
  30  2:48  Probe  
  32  2:56  Probe  
  33  3:00  Oracle (Chrono Boost), Probe  
  37  3:08  Probe  
  37  3:11  Gateway  
  37  3:12  Probe  
  39  3:21  Probe  
  39  3:22  Pylon  
  40  3:28  Oracle (Chrono Boost)  
  43  3:36  Probe  
  43  3:38  Probe  
  45  3:48  Probe  
  46  3:50  Twilight Council, Probe  
  46  3:51  Gateway  
  45  4:00  Gateway, Probe  
  46  4:02  Pylon  
  46  4:05  Assimilator  
  46  4:11  Pylon  
  46  4:20  Probe x2  
  48  4:26  Stalker  
  48  4:27  Resonating Glaives (Chrono Boost)  
  48  4:28  Stalker  
  52  4:33  Probe x2  
  54  4:45  Probe x2  
  56  4:49  Adept  
  56  4:50  Adept  
  60  4:53  Pylon  
  60  4:56  Nexus  
  60  4:57  Probe  
  61  5:01  Probe  
  61  5:04  Pylon  
  62  5:12  Adept x2  
  62  5:13  Adept x2  
  70  5:22  Pylon  
  72  5:28  Pylon  
  72  5:34  Adept  
  72  5:35  Adept x3  
  78  5:40  Probe x2  
  80  5:51  Robotics Facility x2  
  80  5:52  Probe x2  
  82  5:59  Blink  
  82  6:04  Probe x2  
  82  6:07  Forge  
  82  6:08  Probe  
  85  6:16  Probe x2  
  85  6:28  Probe  
  80  6:33  Probe  
  81  6:40  Immortal x2 (Chrono Boost)  
  81  6:42  Probe  
  81  6:46  Probe x2  
  88  6:49  Gateway  
  88  6:52  Gateway  
  88  6:53  Protoss Ground Weapons Level 1 (Chrono Boost)  
  88  6:54  Probe  
  88  6:57  Assimilator  
  88  6:58  Probe x2  
  88  7:00  Gateway  
  88  7:01  Assimilator, Gateway  
  89  7:06  Probe  
  90  7:10  Probe  
  90  7:11  Probe  
  90  7:12  Immortal  
  96  7:18  Assimilator, Probe  
  98  7:22  Probe  
  98  7:23  Observer  
  98  7:28  Pylon x2  
  99  7:30  Probe  
  99  7:32  Probe  
  99  7:35  Probe  
  99  7:36  Robotics Bay  
  102  7:39  Stalker x2  
  102  7:40  Stalker  
  102  7:43  Pylon, Probe  
  109  7:44  Pylon  
  105  8:01  Nexus  
  105  8:02  Pylon  
  105  8:04  Warp Prism (Chrono Boost), Stalker x5  
  110  8:09  Sentry x2  
  116  8:13  Probe  
  117  8:24  Colossus (Chrono Boost)  
  123  8:28  Probe  
  123  8:30  Colossus (Chrono Boost), Photon Cannon  
  123  8:31  Shield Battery  
  123  8:32  Charge (Chrono Boost)  
  123  8:34  Stalker x2  
  134  8:38  Probe  
  133  8:54  Probe x2  
  135  8:57  Photon Cannon  
  135  8:58  Pylon  
  135  9:10  Colossus (Chrono Boost), Probe x2  
  135  9:11  Probe  
  135  9:14  Templar Archives  
  143  9:17  Probe  
  141  9:24  Stalker  
  141  9:25  Stalker x4  
  141  9:27  Stalker  
  151  9:33  Stalker x2  
  143  9:40  Probe  
  143  9:43  Photon Cannon  
  143  9:45  Photon Cannon  
  137  9:52  Stalker  
  138  9:53  Stalker x5  
  138  9:57  Warp Prism (Chrono Boost)  
  138  9:58  Probe x2  
  137  10:15  Stalker x3  
  137  10:20  Stalker x3  
  141  10:33  Stargate  
  141  10:34  Stargate  
  138  10:37  Stalker x2  
  138  10:40  Stalker  
  134  10:45  Zealot x2, Assimilator  
  134  10:49  Zealot  
  136  10:50  Zealot  
  136  10:51  Assimilator  
  134  11:02  Stalker x3  
  129  11:10  Stalker x4  
  129  11:11  Stalker  

Tags
 
Add a new tag
Caveats
  • Supply blocks, unpowered buildings, or Contaminate may cause inaccurate times.
  • Supply counts are checked every 10 seconds.